 Dungeon Crawl Stone Soup version 0.14-a0-226-gcf818b1 (webtiles) character file.

185 Chiseanne the Slasher (level 4, -2/38 HPs)
             Began as a Hill Orc Gladiator on Oct 11, 2013.
             Killed from afar by Terence (5 damage)
             ... with a wand of magic darts
             ... on Level 2 of the Dungeon.
             The game lasted 00:06:41 (1906 turns).

Chiseanne the Slasher (Hill Orc Gladiator)          Turns: 1906, Time: 00:06:41

HP  -2/38        AC  6     Str 17      XL: 4   Next: 36%
MP   3/3         EV 10     Int  8      God:
Gold 107         SH  0     Dex 12      Spells:  0 memorised,  3 levels left

Res.Fire  : . . .   See Invis. : .   a - +0 orc falchion
Res.Cold  : . . .   Warding    : .   l - +0 elf ring mail (curse)
Life Prot.: . . .   Conserve   : .   (no shield)
Res.Poison: .       Res.Corr.  : .   c - +0 orc helmet
Res.Elec. : .       Clarity    : .   (no cloak)
Sust.Abil.: . .     Spirit.Shd : .   (no gloves)
Res.Mut.  : .       Stasis     : .   (no boots)
Res.Rott. : .       Flight     : .   (no amulet)
Saprovore : + . .                    (no ring)
                                     d - ring of invisibility

@: slightly resistant to hostile enchantments, extremely unstealthy
A: saprovore 1
a: Evoke Invisibility


You were on level 2 of the Dungeon.
You were not hungry.

You visited 1 branch of the dungeon, and saw 2 of its levels.

You collected 87 gold pieces.

Inventory:

Hand weapons
 a - a +0,+0 orcish falchion (weapon)
Missiles
 e - 25 darts (quivered)
Armour
 c - a +0 orcish helmet (worn)
 l - a cursed +0 elven ring mail (worn)
Comestibles
 f - a meat ration
 i - a choko
Scrolls
 b - a scroll of remove curse {unknown}
 k - 2 scrolls of curse weapon {unknown}
 m - a scroll of fear {unknown}
 n - 2 scrolls of identify {unknown}
 o - a scroll of teleportation {unknown}
Jewellery
 d - a ring of invisibility (left hand)


   Skills:
 * Level 3.2 Fighting
 - Level 3.2 Long Blades
 - Level 2.0 Throwing
 * Level 2.1 Armour
 * Level 3.2 Dodging
 * Level 1.0 Evocations


You had 3 spell levels left.
You didn't know any spells.

Dungeon Overview and Level Annotations

Branches:
Dungeon (2/27)

Altars:

Annotations:
D:2 Terence


Innate Abilities, Weirdness & Mutations

You can tolerate rotten meat.


Message History

Terence completely misses you.
You hit Terence.
Terence is severely wounded.
Terence zaps a wand.
The magic dart hits you!
* * * LOW HITPOINT WARNING * * *
You hit Terence but do no damage.
Terence is severely wounded.
Terence zaps a wand.
The magic dart hits you!
* * * LOW HITPOINT WARNING * * *
Throwing (i - inventory. (,) - cycle):
j - a throwing net [torn] (quivered)
Press: ? - help, Shift-Dir - straight line, f/p - Terence
Aim: Terence, wielding a mace, wearing a scale mail and carrying a wand of magic darts {zapped: 9} (severely wounded)
You throw a throwing net [torn]. The throwing net [torn] hits Terence.
Terence is caught in the net!
Terence is severely wounded.
Terence struggles against the net.
Terence struggles against the net.
The net rips apart, and Terence comes free!
Terence zaps a wand.
The magic dart hits you!
You die...

## ..# ...#
#####################....###
................@@r.(>......
############################


You could see Terence and a rat.

Vanquished Creatures
  Jessica (D:2)
  An adder (D:1)
  A giant mite (D:2)
  An ooze (D:2)
  A giant cockroach (D:2)
  7 goblins
  A hobgoblin (D:1)
  4 jackals (D:1)
  10 kobolds
  6 bats
  3 giant newts
  6 rats
42 creatures vanquished.

Notes
Turn   | Place    | Note
--------------------------------------------------------------
     0 | D:1      | Chiseanne, the Hill Orc Gladiator, began the quest for the Orb.
     0 | D:1      | Reached XP level 1. HP: 18/18 MP: 0/0
   288 | D:1      | Reached XP level 2. HP: 6/25 MP: 1/1
   709 | D:1      | Reached skill level 1 in Armour
  1004 | D:1      | Reached XP level 3. HP: 31/31 MP: 2/2
  1236 | D:2      | Noticed Jessica
  1343 | D:2      | Killed Jessica
  1343 | D:2      | Reached XP level 4. HP: 9/38 MP: 3/3
  1677 | D:2      | Reached skill level 1 in Evocations
  1886 | D:2      | Noticed Terence
  1906 | D:2      | Killed from afar by Terence

Action                   |  1- 3 |  4- 6 || total
-------------------------+-------+-------++-------
Melee: Falchion          |   100 |    40 ||   140
Throw: Throwing net      |    11 |     5 ||    16
       Dart              |    17 |     6 ||    23
  Use: Potion            |     2 |     1 ||     3
 Stab: Held in net/web   |     1 |     2 ||     3
